[Event "ICCopen2016"]
[Site "Internet Chess Club"]
[Date "2016.06.03"]
[Round "3"]
[White "MorningRunner"]
[Black "Kastor"]
[Result "0-1"]
[ICCResult "White checkmated"]
[WhiteElo "2145"]
[BlackElo "2877"]
[Opening "Sicilian"]
[ECO "B50"]
[NIC "SI.01"]
[Time "19:22:56"]
[TimeControl "180+0"]

1. e4 c5 2. Nf3 d6 3. c3 Nf6 4. h3 Nbd7 5. Bd3 b6 6. O-O Bb7 7. Re1 e5 8.
Bc2 Be7 9. d4 O-O 10. Nbd2 Qc7 11. Nf1 Rfe8 12. Ng3 g6 13. Bg5 Rac8 14. d5
c4 15. Nh2 Kg7 16. Qd2 Qd8 17. Rf1 Ng8 18. Be3 a6 19. f4 exf4 20. Rxf4 Ne5
21. Raf1 f6 22. Bd4 b5 23. Ng4 Rf8 24. Qf2 Qe8 25. h4 h5 26. Ne3 Nh6 27. Qe2
Ra8 28. Bd1 Bc8 29. Qf2 Bd7 30. Be2 Kh7 31. Qe1 Rb8 32. Qd1 a5 33. a3 Rc8
34. R4f2 Bd8 35. Kh2 Be7 36. Qd2 Qd8 37. Bxe5 fxe5 38. Rxf8 Bxf8 39. Kg1
Qxh4 40. Rf3 Be7 41. Nef1 Rf8 42. Rxf8 Bxf8 43. Qe3 Qd8 44. Qa7 a4 45. Qa6
Be7 46. Ne3 Qc7 47. Qa8 Bd8 48. Nef1 Bc8 49. Nd2 Bb7 50. Qa7 Qb6+ 51. Qxb6
Bxb6+ 52. Kh2 Kg7 53. Ngf1 Kf6 54. Nf3 Ng4+ 55. Kg3 Bc8 56. N3d2 Bf2+ 57.
Kf3 Bc5 58. Bxc4 bxc4 59. Nxc4 Ke7 60. Ncd2 Nf6 61. b4 Bg4+ 62. Kg3 Bg1 63.
c4 g5 64. Ne3 h4# {White checkmated} 0-1

[Event "ICCopen2016"]
[Site "Internet Chess Club"]
[Date "2016.06.03"]
[Round "3"]
[White "kingmate"]
[Black "jcgs1030"]
[Result "0-1"]
[ICCResult "White forfeits on time"]
[WhiteElo "2428"]
[BlackElo "1909"]
[Opening "Sicilian: Alapin's variation (2.c3)"]
[ECO "B22"]
[NIC "SI.47"]
[Time "19:22:07"]
[TimeControl "180+0"]

1. e4 c5 2. c3 Nf6 3. e5 Nd5 4. d4 cxd4 5. cxd4 d6 6. Nf3 Nc6 7. Bc4 Nb6 8.
Bb5 dxe5 9. Nxe5 Bd7 10. Nxd7 Qxd7 11. Nc3 e6 12. O-O Be7 13. Qg4 g6 14. Be3
h5 15. Qf3 Rc8 16. Rfd1 Nd5 17. Nxd5 Qxd5 18. Qxd5 exd5 19. Rac1 Kd7 20. Kf1
Bf6 21. a3 a6 22. Ba4 b5 23. Bb3 Ne7 24. Ke2 Kd6 25. Kd3 Rxc1 26. Rxc1 Rc8
27. Bf4+ Ke6 28. Re1+ Kd7 29. Be5 Bxe5 30. Rxe5 Kd6 31. Re2 Nf5 32. Re1 f6
33. g3 Nh6 34. h3 Nf7 35. Bc2 Ng5 36. h4 Ne4 37. Re2 Rc4 38. Ke3 g5 39. Bxe4
dxe4 40. Kxe4 gxh4 41. gxh4 b4 42. axb4 Rxb4 43. Rc2 a5 44. Rd2 a4 45. Kf5
Kd5 46. Kxf6 Rxd4 47. Rxd4+ Kxd4 48. f4 Kc4 49. Kg6 Kb3 50. f5 Kxb2 51. f6
a3 52. f7 a2 53. f8=Q a1=Q {White forfeits on time} 0-1

[Event "ICCopen2016"]
[Site "Internet Chess Club"]
[Date "2016.06.03"]
[Round "3"]
[White "chessasuke91"]
[Black "Kalmyk"]
[Result "1-0"]
[ICCResult "Black resigns"]
[WhiteElo "2618"]
[BlackElo "3032"]
[Opening "Sicilian: Najdorf, 7.f4"]
[ECO "B96"]
[NIC "SI.06"]
[Time "19:23:02"]
[TimeControl "180+0"]

1. e4 c5 2. Nf3 d6 3. d4 cxd4 4. Nxd4 Nf6 5. Nc3 a6 6. Bg5 e6 7. f4 Nbd7 8.
Qf3 h6 9. Bh4 Be7 10. O-O-O g5 11. fxg5 hxg5 12. Bxg5 Ne5 13. Qe2 Nxe4 14.
Bxe7 Nxc3 15. Bxd8 Nxe2+ 16. Nxe2 Kxd8 17. Rxd6+ Bd7 18. h4 Ke7 19. Rd1 Rag8
20. Nd4 Rg4 21. c3 Rgxh4 22. Rxh4 Rxh4 23. Be2 Rh8 24. Re1 f6 25. Kd2 Rg8
26. Bf3 Nxf3+ 27. gxf3 e5 28. f4 Kd6 29. fxe5+ fxe5 30. Nf3 Rg2+ 31. Kc1 Bf5
32. Rxe5 Bg6 33. Rg5 Rc2+ 34. Kd1 Bh7 35. Rg7 Bd3 36. Ne1 Rxb2 37. Nxd3 Rxa2
38. Rxb7 a5 39. Rb5 a4 40. Ra5 a3 41. Kc1 Kc7 42. Nb4 Ra1+ 43. Kc2 Kb6 44.
Ra6+ Kb5 45. Ra8 Kc4 46. Rc8+ Kb5 47. Kb3 Kb6 48. Ra8 Rb1+ 49. Kxa3 Kb5 50.
Rb8+ Kc4 51. Rc8+ Kb5 52. Ka2 Rg1 53. Kb2 Rg2+ 54. Nc2 Rg1 55. Nd4+ Kb6 56.
Kb3 Rb1+ 57. Kc4 Rh1 58. Rb8+ Kc7 59. Rb4 Kd6 60. Ra4 Ke5 61. Ra6 Ke4 62.
Rc6 Kf4 63. Re6 Kg5 64. Kd5 {Black resigns} 1-0

[Event "ICCopen2016"]
[Site "Internet Chess Club"]
[Date "2016.06.03"]
[Round "3"]
[White "airantrobo"]
[Black "Yedixon"]
[Result "1-0"]
[ICCResult "Black forfeits on time"]
[WhiteElo "1538"]
[BlackElo "1263"]
[Opening "QGD: Chigorin defense"]
[ECO "D07"]
[NIC "QP.08"]
[Time "19:23:01"]
[TimeControl "180+0"]

1. d4 d5 2. c4 Nc6 3. Nf3 Bg4 4. cxd5 Bxf3 5. exf3 Qxd5 6. Be3 e5 7. dxe5
Qxd1+ 8. Kxd1 O-O-O+ 9. Nd2 Nxe5 10. Kc2 Kb8 11. Be2 f5 12. Rhd1 Bd6 13.
Rac1 Nf6 14. Kb1 Rhe8 15. h3 h6 16. g4 fxg4 17. fxg4 g5 18. Nc4 Nxc4 19.
Bxc4 Ne4 20. Rd3 Bf4 21. Rcd1 Rxd3 22. Rxd3 Bxe3 23. fxe3 Nf2 24. Rb3 Nxh3
25. Ba6 b6 26. Bb5 Re7 27. Rd3 Nf2 28. Rd8+ Kb7 29. Rh8 Nxg4 30. Be2 Nxe3
31. Rxh6 Rg7 32. Re6 Nf5 33. Bf3+ c6 34. Bxc6+ Ka6 35. Be4 Nd4 36. Rd6 Ne2
37. Bd3+ Ka5 38. Bxe2 g4 39. Rd5+ Kb4 40. Rd4+ Kc5 41. Rxg4 Rxg4 42. Bxg4 a5
43. Bd1 b5 44. Kc2 b4 45. Kb3 Kb5 46. Be2+ Kc5 47. Ka4 Kd4 48. Kxa5 Kc5 49.
Bd3 {Black forfeits on time} 1-0

[Event "ICCopen2016"]
[Site "Internet Chess Club"]
[Date "2016.06.03"]
[Round "3"]
[White "BlitzFreakay"]
[Black "SMACK"]
[Result "0-1"]
[ICCResult "White checkmated"]
[WhiteElo "2053"]
[BlackElo "1745"]
[Opening "King's Indian: East Indian defense"]
[ECO "A48"]
[NIC "QP.06"]
[Time "19:22:47"]
[TimeControl "180+0"]

1. d4 Nf6 2. Nf3 g6 3. Nc3 d5 4. Bg5 Bg7 5. Bxf6 exf6 6. e4 dxe4 7. Nxe4 f5
8. Ng3 O-O 9. Be2 c5 10. c3 cxd4 11. Nxd4 Qb6 12. O-O Nd7 13. Qb3 Nc5 14.
Qxb6 axb6 15. Bc4 Na4 16. Rab1 f4 17. Nge2 g5 18. Rfd1 Bg4 19. f3 Bh5 20.
Nf5 Rfe8 21. Nxg7 Kxg7 22. Rd7 Bg6 23. Rbd1 Nxb2 24. Bb3 Nxd1 25. Bxd1 Rxa2
26. Kf2 Re3 27. Rd6 Bd3 28. Rxd3 Rxd3 29. Bb3 Rb2 30. Bc4 Re3 31. Ke1 f5 32.
Kd1 g4 33. fxg4 fxg4 34. Nxf4 Re4 35. Ne6+ Rxe6 36. Bd5 Rxg2 37. Kc1 Re1#
{White checkmated}
0-1

[Event "ICCopen2016"]
[Site "Internet Chess Club"]
[Date "2016.06.03"]
[Round "3"]
[White "croder"]
[Black "HawkKing"]
[Result "1-0"]
[ICCResult "Black checkmated"]
[WhiteElo "1744"]
[BlackElo "2279"]
[Opening "French: advance variation"]
[ECO "C02"]
[NIC "FR.03"]
[Time "19:23:07"]
[TimeControl "180+0"]

1. e4 e6 2. d4 d5 3. e5 c5 4. c3 cxd4 5. cxd4 Nc6 6. Bb5 f6 7. Bxc6+ bxc6 8.
Nf3 Ba6 9. Nc3 f5 10. Bg5 Qb6 11. Qd2 c5 12. Be3 Rb8 13. Rb1 cxd4 14. Bxd4
Qc7 15. Ng5 Qd7 16. f3 h6 17. Nh3 g5 18. Kf2 f4 19. Rhe1 Ne7 20. Ng1 Nf5 21.
Nge2 Bb4 22. a3 Ba5 23. b4 Bd8 24. g4 Nxd4 25. Nxd4 O-O 26. Kg2 Bb6 27. b5
Bb7 28. a4 Rbc8 29. Nce2 Rc4 30. Rec1 Rfc8 31. Rxc4 Rxc4 32. Rc1 Rxa4 33.
Qc2 Rxd4 34. Nxd4 Bxd4 35. Qg6+ Qg7 36. Qe8+ Kh7 37. Qxe6 Bxe5 38. Qf5+ Kh8
39. Re1 Bd6 40. Re8+ Qg8 41. Rxg8+ Kxg8 42. Qe6+ Kg7 43. Qxd6 d4 44. Qc7+
Kf6 45. Qxb7 Ke5 46. Qe4+ Kd6 47. Qxd4+ Kc7 48. Qxa7+ Kd6 49. b6 Ke5 50. b7
h5 51. b8=Q+ Kd5 52. Qb5+ Ke6 53. Qaa6+ Kf7 54. Qbb7+ Ke8 55. Qaa8#
{Black checkmated}
1-0

[Event "ICCopen2016"]
[Site "Internet Chess Club"]
[Date "2016.06.03"]
[Round "3"]
[White "BISPOMAU"]
[Black "afgano45"]
[Result "1/2-1/2"]
[ICCResult "White ran out of time and Black has no material to mate"]
[WhiteElo "2158"]
[BlackElo "1786"]
[Opening "King's Indian, 3.Nf3"]
[ECO "D74"]
[NIC "KI.80"]
[Time "19:23:05"]
[TimeControl "180+0"]

1. d4 Nf6 2. c4 g6 3. Nf3 Bg7 4. g3 O-O 5. Bg2 d5 6. Ne5 dxc4 7. Nxc4 Nc6 8.
d5 Nb8 9. O-O c6 10. e4 cxd5 11. exd5 Nbd7 12. Nc3 Nb6 13. Nxb6 Qxb6 14. Qb3
Qxb3 15. axb3 a6 16. Re1 Re8 17. Na4 Nd7 18. d6 Bf6 19. Bd2 b5 20. Bxa8 bxa4
21. Rxa4 Bxb2 22. Bc6 e6 23. Bh6 a5 24. Re2 Bc3 25. Bd2 Bg7 26. Rxa5 Bf8 27.
Ra8 Bxd6 28. Rxc8 Rxc8 29. Bxd7 Rb8 30. Ba4 Rc8 31. Bh6 e5 32. Rd2 Bb4 33.
Rd7 f6 34. Bb5 Bf8 35. Bxf8 Rxf8 36. Bc4+ Kh8 37. b4 Rb8 38. b5 f5 39. Rd6
e4 40. b6 Kg7 41. Rd7+ Kf6 42. b7 h5 43. f4 exf3 44. Kf2 g5 45. Kxf3 Ke5 46.
h4 g4+ 47. Ke3 Re8 48. Rd5+ Kf6+ 49. Kd3 Rb8 50. Rd7 f4 51. gxf4 Kf5 52.
Rf7+ Kg6 53. f5+ Kh6 54. Ke4 g3 55. Kf3 g2 56. Kxg2 Rxb7 57. Rf6+ Kg7 58.
Rg6+ Kh7 59. Kf3 Rc7 60. Bg8+ Kh8 61. Kf4 Rc4+ 62. Kg5 Rc7 63. Kh6 Ra7 64.
Bf7 Ra8 65. f6 Rf8 66. Rg8+ Rxg8 67. Bxg8 Kxg8 68. Kxh5 Kf7 69. Kg5 Kf8 70.
Kg6 Kg8 71. f7+ Kf8 72. h5 Ke7 73. Kg7 Ke6 74. f8=Q Ke5
{White ran out of time and Black has no material to mate}
1/2-1/2

[Event "ICCopen2016"]
[Site "Internet Chess Club"]
[Date "2016.06.03"]
[Round "3"]
[White "Alright2015"]
[Black "B-Amin"]
[Result "0-1"]
[ICCResult "White checkmated"]
[WhiteElo "2045"]
[BlackElo "2859"]
[Opening "Réti v Dutch"]
[ECO "A04"]
[NIC "QP.11"]
[Time "19:22:30"]
[TimeControl "180+0"]

1. Nf3 f5 2. d4 Nf6 3. Nc3 e6 4. Bg5 Bb4 5. Qd3 O-O 6. Bxf6 Qxf6 7. e4 fxe4
8. Qxe4 d5 9. Qe3 c5 10. a3 cxd4 11. Qxd4 Qxd4 12. Nxd4 Bc5 13. Nf3 Nc6 14.
Bb5 a6 15. Bxc6 bxc6 16. O-O a5 17. Ne5 Ba6 18. Nd3 Bd4 19. Ne2 Bxd3 20.
cxd3 Bxb2 21. Rab1 Bxa3 22. Nd4 Rf6 23. Nxc6 a4 24. Rfe1 Bd6 25. Nd4 Bc5 26.
Nf3 a3 27. d4 Bf8 28. Ra1 Bb4 29. Re3 h6 30. Rb3 Bd6 31. Rb6 Bf8 32. Ne5 Rf4
33. Nf3 Re4 34. g3 Re2 35. Ne5 Rb2 36. Rxe6 a2 37. Kg2 Rb1 38. Rxa2 Rxa2 39.
Re8 Rbb2 40. Nd3 Rd2 41. Nc5 Rxf2+ 42. Kh3 Rxh2+ 43. Kg4 Raf2 44. Ne6 h5+
45. Kg5 Rf6 46. Nf4 Kh7 47. Nxh5 Rg6+ 48. Kf4 Bd6+ 49. Kf3 Rxh5 50. Rd8
Rxg3+ 51. Kf2 Rh2+ 52. Kf1 Ra3 53. Re8 Ra1+ 54. Re1 Rh1+ 55. Kg2 Raxe1 56.
Kf3 Rhf1+ 57. Kg4 Rf4+ 58. Kh3 Rg1 59. Kh2 Rg6 60. Kh3 Rf3+ 61. Kh4 Rf1 62.
Kh3 Rh1# {White checkmated} 0-1

[Event "ICCopen2016"]
[Site "Internet Chess Club"]
[Date "2016.06.03"]
[Round "3"]
[White "Towinning"]
[Black "d13gocr"]
[Result "1-0"]
[ICCResult "Black forfeits on time"]
[WhiteElo "2375"]
[BlackElo "1708"]
[Opening "Queen's pawn: London system"]
[ECO "A45"]
[NIC "QP.07"]
[Time "19:22:45"]
[TimeControl "180+0"]

1. d4 Nf6 2. Bf4 e6 3. e3 c5 4. c3 b6 5. Nd2 Bb7 6. Ngf3 Be7 7. h3 d6 8. Bd3
O-O 9. O-O Nbd7 10. Bh2 Re8 11. e4 Rc8 12. Re1 Nf8 13. a4 a5 14. Qb3 Bc6 15.
Bb5 Qd7 16. Bxc6 Qxc6 17. c4 d5 18. cxd5 exd5 19. e5 c4 20. Qe3 N6d7 21. Bg3
Ne6 22. Nh2 Bg5 23. f4 Bh6 24. Ng4 Nc7 25. Nxh6+ Qxh6 26. Bh2 Nf6 27. Qf2
Nd7 28. Rac1 Ne6 29. Rc3 Nb8 30. g4 Nc6 31. g5 Qg6 32. Rg3 Qf5 33. Rf3 Ncxd4
34. Rg3 Nc2 35. Rf1 Nb4 36. Nf3 Nd3 37. Qe2 Ndxf4 38. Qe3 Nxh3+ 39. Kg2
Nef4+ 40. Kh1 g6 41. Nh4 Qe6 42. Rxf4 Nxf4 43. Qxf4 Red8 44. Rf3 d4 45. Ng2
d3 46. Qe4 d2 47. Ne3 {Black forfeits on time} 1-0

[Event "ICCopen2016"]
[Site "Internet Chess Club"]
[Date "2016.06.03"]
[Round "3"]
[White "whiteshark"]
[Black "CountDooku"]
[Result "1-0"]
[ICCResult "Black resigns"]
[WhiteElo "2651"]
[BlackElo "1832"]
[Opening "Giuoco Pianissimo"]
[ECO "C55"]
[NIC "IG.01"]
[Time "19:23:23"]
[TimeControl "180+0"]

1. e4 e5 2. Nf3 Nc6 3. Bc4 Nf6 4. d3 Bc5 5. c3 d6 6. Bb3 h6 7. h3 Be6 8. Bc2
Qd7 9. d4 exd4 10. cxd4 Bb4+ 11. Nc3 d5 12. e5 Ne4 13. O-O Nxc3 14. bxc3
Bxc3 15. Rb1 Ba5 16. Rxb7 Bb6 17. Ba4 O-O 18. Qc2 Nb4 19. Qb3 Qc8 20. Rxb6
axb6 21. Qxb4 Bxh3 22. gxh3 Qxh3 23. Nh2 c5 24. dxc5 bxc5 25. Qf4 Ra6 26.
Bc2 f5 27. exf6 Rfxf6 28. Qe5 Rg6+ 29. Bxg6 Rxg6+ 30. Qg3 Rxg3+ 31. fxg3
Qxg3+ 32. Kh1 d4 33. Bxh6 Qh4 34. Bf4 c4 35. Kg2 c3 36. Kf3 Qh3+ 37. Ke4 d3
38. Rf3 Qg2 39. Kxd3 c2 40. Rf1 Qc6 41. Kd2 Qd5+ 42. Kxc2 Qxa2+ 43. Kd3 Qd5+
44. Ke3 {Black resigns} 1-0

[Event "ICCopen2016"]
[Site "Internet Chess Club"]
[Date "2016.06.03"]
[Round "3"]
[White "saya"]
[Black "Parsifal"]
[Result "1-0"]
[ICCResult "Black checkmated"]
[WhiteElo "2870"]
[BlackElo "2379"]
[Opening "Queen's pawn"]
[ECO "A40"]
[NIC "QO.17"]
[Time "19:22:48"]
[TimeControl "180+0"]

1. d4 e6 2. Nf3 c5 3. c3 Nf6 4. Bf4 b6 5. e3 Bb7 6. Nbd2 Be7 7. Bd3 cxd4 8.
exd4 d6 9. O-O Nbd7 10. Re1 a6 11. Qe2 O-O 12. h3 Re8 13. Bg3 Bf8 14. a4 Qc7
15. Rac1 Qc6 16. Ra1 g6 17. Nf1 Bg7 18. Ne3 Qc7 19. Rac1 e5 20. dxe5 dxe5
21. Bc2 Nh5 22. Bh2 Nf4 23. Qd1 Rad8 24. Bxf4 exf4 25. Nd5 Rxe1+ 26. Nxe1
Qd6 27. Nb4 Nc5 28. Qxd6 Rxd6 29. Rd1 Rxd1 30. Bxd1 a5 31. Nbd3 Ne6 32. Bf3
Ba6 33. Bd5 Nc7 34. Bc6 Bh6 35. Ne5 Ne6 36. Nd7 Bc8 37. Nxb6 Ba6 38. Nf3 Nc5
39. Nd7 Nd3 40. b3 Nc1 41. b4 Ne2+ 42. Kh2 Nxc3 43. b5 Bc8 44. b6 Na2 45. b7
Bxb7 46. Bxb7 Nc3 47. Bc6 Bg7 48. Nde5 h6 49. Nc4 Kf8 50. Nxa5 Ke7 51. Nc4
Kd8 52. a5 Bf8 53. Nfe5 Bc5 54. Nxf7+ Kc7 55. Be4 Nxe4 56. f3 Ng3 57. h4 h5
58. Nfe5 Ne2 59. Nxg6 Bf2 60. Nce5 Bg1+ 61. Kh1 Bf2 62. Nd3 Ng3+ 63. Kh2
Nf1+ 64. Kh3 Be3 65. Ndxf4 Nd2 66. g4 Nf1 67. Kg2 Nd2 68. gxh5 Nxf3 69. Kxf3
Bd4 70. Ke4 Bb2 71. Nd5+ Kb7 72. Ne5 Ka6 73. h6 Kxa5 74. Nc4+ Ka4 75. Nxb2+
Kb3 76. Nd3 Kc2 77. Ne5 Kd1 78. h7 Ke1 79. h8=Q Kf1 80. Qf6+ Kg1 81. Ne3 Kh1
82. Qf1+ Kh2 83. Qg2# {Black checkmated} 1-0

[Event "ICCopen2016"]
[Site "Internet Chess Club"]
[Date "2016.06.03"]
[Round "3"]
[White "E-Grivas"]
[Black "Hellzito"]
[Result "0-1"]
[ICCResult "White resigns"]
[WhiteElo "2435"]
[BlackElo "1912"]
[Opening "Bogo-Indian defense, Grünfeld variation"]
[ECO "E11"]
[NIC "QI.01"]
[Time "19:25:28"]
[TimeControl "180+0"]

1. d4 Nf6 2. c4 e6 3. Nf3 Bb4+ 4. Nbd2 d5 5. Qc2 b6 6. g3 Bb7 7. Bg2 O-O 8.
O-O c5 9. dxc5 Bxc5 10. a3 dxc4 11. Nxc4 Nbd7 12. b4 Be7 13. Bb2 Rc8 14. Qd3
Be4 15. Qb3 Qc7 16. Rac1 Qb7 17. Rfd1 Rfd8 18. Nd6 Bxd6 19. Rxc8 Rxc8 20.
Rxd6 Bd5 21. Nh4 Qc7 22. Bxd5 Qxd6 23. Bf3 Ne5 24. Bxe5 Qxe5 25. Qa4 Qc7 26.
h3 h6 27. Ng2 Qd7 28. Qa6 Rc1+ 29. Kh2 Qd1 30. g4 Qd6+ {White resigns} 0-1

[Event "ICCopen2016"]
[Site "Internet Chess Club"]
[Date "2016.06.03"]
[Round "3"]
[White "Bubacik"]
[Black "Red-white"]
[Result "1-0"]
[ICCResult "Black forfeits on time"]
[WhiteElo "2668"]
[BlackElo "3109"]
[Opening "Queen's pawn game"]
[ECO "A46"]
[NIC "QP.05"]
[Time "19:23:07"]
[TimeControl "180+0"]

1. d4 Nf6 2. Nf3 e6 3. Bf4 c5 4. e3 Nc6 5. Nc3 Be7 6. Nb5 Nd5 7. Nd6+ Kf8 8.
dxc5 Nxf4 9. exf4 Qa5+ 10. c3 Qxc5 11. Nxc8 Rxc8 12. Bd3 g6 13. O-O Kg7 14.
Re1 Bf6 15. Qe2 d5 16. Rad1 Rb8 17. Ne5 Bxe5 18. fxe5 b5 19. Qf3 Qe7 20. Qf4
h6 21. h4 b4 22. c4 Rhd8 23. cxd5 Rxd5 24. Be4 Rc5 25. h5 g5 26. Qg3 Rd8 27.
Rd6 Nxe5 28. Rxd8 Qxd8 29. f4 Nc4 30. Qf2 Qd2 31. Re2 Qd1+ 32. Re1 Qd2 33.
Re2 Qd6 34. b3 Nb6 35. g3 Rc3 36. fxg5 Rxg3+ 37. Kf1 Rxg5 38. Rd2 Qe5 39.
Bf3 Nd5 40. Qd4 Qxd4 41. Rxd4 a5 42. Kf2 Kf6 43. Rc4 Nc3 44. a4 Nd5 45. Rc5
Ne7 46. Rc7 Re5 47. Ra7 Nf5 48. Bc6 Nd4 49. Be8 Nxb3 50. Rxf7+ Kg5 51. Rg7+
Kh4 52. Rg6 Rf5+ 53. Ke3 Nc5 54. Rxe6 Nxe6 55. Bg6 Re5+ 56. Kd3 b3 57. Kc4
Kg5 58. Kxb3 Rc5 59. Bf7 Nf4 60. Bg6 Nxh5 61. Bf7 Nf4 62. Bg8 h5 63. Bh7 h4
64. Kb2 h3 65. Kb3 h2 66. Be4 Re5 67. Bh1 Re1 68. Kc4 Rxh1 69. Kb5 Rb1+ 70.
Ka6 h1=Q 71. Kxa5 {Black forfeits on time} 1-0

[Event "ICCopen2016"]
[Site "Internet Chess Club"]
[Date "2016.06.03"]
[Round "3"]
[White "Tal-Baron"]
[Black "kingsac"]
[Result "0-1"]
[ICCResult "White forfeits on time"]
[WhiteElo "2840"]
[BlackElo "1890"]
[Opening "Sicilian: Taimanov variation"]
[ECO "B48"]
[NIC "SI.40"]
[Time "19:24:10"]
[TimeControl "180+0"]

1. e4 c5 2. Nf3 Nc6 3. d4 cxd4 4. Nxd4 Qc7 5. Nc3 e6 6. Be3 a6 7. Qf3 Nf6 8.
O-O-O Ne5 9. Qg3 Nh5 10. Qh3 g6 11. f4 Nc4 12. Bxc4 Qxc4 13. e5 b5 14. g4
Ng7 15. Ne4 Be7 16. Nf6+ Kf8 17. Kb1 Bxf6 18. exf6 Ne8 19. Qh6+ Kg8 20. g5
Bb7 21. Rhe1 Rc8 22. Rd2 Bd5 23. Nb3 a5 24. Rc1 a4 25. Rd4 Qe2 26. Bd2 axb3
27. axb3 Qh5 28. Qxh5 gxh5 29. Bb4 d6 30. c4 bxc4 31. bxc4 Bf3 32. Bxd6 Rd8
33. c5 h6 34. Be5 Rxd4 35. Bxd4 hxg5 36. fxg5 Kh7 37. h4 Kg6 38. Be5 Bd5 39.
Bg3 Kf5 40. b4 Nc7 41. Bxc7 Rc8 42. Bd6 e5 43. Rf1+ Ke6 44. Re1 e4 45. Kb2
Rb8 46. Kc3 Rb7 47. g6 fxg6 48. Be7 Kf7 49. Rg1 Be6 50. Rg5 Bf5 51. Bd6 Rd7
52. Rg1 Ke6 53. Re1 Kxf6 54. b5 Ke6 55. b6 Kd5 56. Re2 Kc6 57. Rd2 Kb7 58.
Rd1 e3 59. Re1 e2 60. Kd4 Bg4 61. Rxe2 Bxe2 62. Ke5 Bb5 63. Kf6 Kc6
{White forfeits on time}
0-1

[Event "ICCopen2016"]
[Site "Internet Chess Club"]
[Date "2016.06.03"]
[Round "3"]
[White "D-Fernandez"]
[Black "HuevosDeLeon"]
[Result "1/2-1/2"]
[ICCResult "Game drawn by repetition"]
[WhiteElo "3036"]
[BlackElo "2571"]
[Opening "QGA, Bogolyubov variation"]
[ECO "D24"]
[NIC "QG.05"]
[Time "19:23:36"]
[TimeControl "180+0"]

1. d4 d5 2. c4 dxc4 3. Nf3 Nf6 4. Nc3 a6 5. e4 b5 6. e5 Nd5 7. Ng5 Nxc3 8.
bxc3 Qd5 9. Be2 c6 10. Bf3 Qd8 11. e6 Bxe6 12. Nxe6 fxe6 13. Be4 g6 14. h4
Bg7 15. h5 Kd7 16. Qg4 Kc7 17. Bf4+ Kb6 18. Qxe6 Qd7 19. Qf7 e5 20. Qxd7
Nxd7 21. dxe5 Bxe5 22. Be3+ Kc7 23. O-O-O Nf6 24. Bf3 Rhd8 25. hxg6 hxg6 26.
Rxd8 Rxd8 27. Rh6 Bxc3 28. Rxg6 Nd5 29. Bc5 Nf4 30. Rxc6+ Kd7 31. Rd6+ Kc8
32. Rc6+ Kd7 33. Rd6+ Kc8 34. Bb7+ Kc7 35. Rxd8 Kxd8 36. Kc2 b4 37. Bxa6 Nd3
38. Be3 Ne1+ 39. Kd1 Nxg2 40. Bxc4 Nxe3+ 41. fxe3 Kc7 42. e4 Kd6 43. Kc2 Ke5
44. Bd5 Bd4 45. Kb3 Bc5 46. Kc4 Bd6 47. Kb5 Be7 48. Kc4 Bd6 49. Kb3 Be7 50.
Bc6 Bd6 51. Bd5 Be7 52. Ka4 Bd6 53. Kb3 Be7 54. Kc2 Bc5 55. Kb2 Bd4+ 56. Kb3
Bc5 57. Kc4 Bd6 58. Kb3 Bc5 59. Ka4 Bd6 60. Kb5 Be7 61. Ka4 Bd6 62. Kb3 Be7
63. Kc2 Bd6 64. Kb3 Bc5 65. a4 bxa3 66. Ka2 Bd6 67. Kb3 Bc5 68. Ka2 Bd6 69.
Kb3 Be7 70. Ka2 Bf8 71. Bb3 Be7 72. Ba4 Bd6 73. Bc2 Kd4 74. Bb3 Kxe4 75.
Bc2+ Kd4 76. Bb1 Kc3 77. Bh7 Bb4 78. Bg8 Bc5 79. Bb3 Bd6 80. Bg8 Be7 81. Bf7
Bf8 82. Bg8 Kb4 83. Bf7 Kc5 84. Be6 Kd4 85. Bg8 Ke5 86. Bb3 Bc5 87. Bg8 Kd6
88. Bb3 Kc7 89. Ba4 Kb6 90. Bc2 Ka5 91. Bb3 Kb4 92. Bg8 Kc3 93. Bf7 Kc2 94.
Be6 Kc3 95. Bd7 Kd4 96. Bc6 Ke5 97. Be8 Kd6 98. Bf7 Kc7 99. Bg8 Kd6 100. Bh7
Ke5 101. Bb1 Kd4 102. Bc2 Kc3 103. Bb3 Kd4 104. Bg8 Ke5 105. Bh7 Kd6 106.
Bd3 Ke7 107. Bc2 Kf6 108. Bb3 Kg7 109. Bc2 Kf6 110. Bb3 Kg7 111. Bc2 Kh8
112. Bb3 Kg7 113. Bc2 Kf6 {Game drawn by repetition} 1/2-1/2

[Event "ICCopen2016"]
[Site "Internet Chess Club"]
[Date "2016.06.03"]
[Round "3"]
[White "Panesso"]
[Black "InigoMI"]
[Result "1-0"]
[ICCResult "Black resigns"]
[WhiteElo "2246"]
[BlackElo "1578"]
[Opening "Sicilian defense"]
[ECO "B40"]
[NIC "SI.43"]
[Time "19:27:50"]
[TimeControl "180+0"]

1. e4 c5 2. Nf3 e6 3. c4 Nc6 4. d4 cxd4 5. Nxd4 Nf6 6. Nc3 Bb4 7. Nxc6 bxc6
8. Bd3 Bxc3+ 9. bxc3 e5 10. O-O O-O 11. c5 d5 12. cxd6 Qxd6 13. Qc2 Be6 14.
Bg5 Bg4 15. f4 Nd7 16. h3 Bh5 17. f5 f6 18. Be3 Bg6 19. fxg6 hxg6 20. Rad1
Qe7 21. Qf2 Rfd8 22. Bc4+ Kf8 23. Qh4 {Black resigns} 1-0

[Event "ICCopen2016"]
[Site "Internet Chess Club"]
[Date "2016.06.03"]
[Round "3"]
[White "skippykid"]
[Black "manneredmonkey"]
[Result "1-0"]
[ICCResult "Black checkmated"]
[WhiteElo "2258"]
[BlackElo "1596"]
[Opening "King's pawn opening"]
[ECO "B07"]
[NIC "VO.17"]
[Time "19:27:31"]
[TimeControl "180+0"]

1. e4 d6 2. Bc4 Nf6 3. Nc3 c6 4. f4 d5 5. exd5 cxd5 6. Bb3 e6 7. Nf3 Nc6 8.
O-O Bc5+ 9. Kh1 O-O 10. Ne2 Ne4 11. d4 Be7 12. c3 Bh4 13. g3 Bf6 14. Bc2 g6
15. Be3 Bg7 16. Ne5 Nxe5 17. fxe5 b6 18. Ng1 Bb7 19. Nh3 h6 20. Qc1 Kh7 21.
Nf2 Rc8 22. Ng4 h5 23. Nf2 a6 24. a4 Qd7 25. Nh3 b5 26. axb5 axb5 27. Qd1 b4
28. cxb4 Rc4 29. Bd3 Rxb4 30. Qe2 Bc6 31. g4 hxg4 32. Qxg4 Rxb2 33. Qh4+ Kg8
34. Bxe4 dxe4 35. Ng5 Rfb8 36. Qh7+ Kf8 37. Rxf7+ Qxf7 38. Nxf7 Kxf7 39.
Rf1+ Ke8 40. Qg8+ Kd7 41. Rf7# {Black checkmated} 1-0

[Event "ICCopen2016"]
[Site "Internet Chess Club"]
[Date "2016.06.03"]
[Round "4"]
[White "Grann"]
[Black "cloak1"]
[Result "0-1"]
[ICCResult "White resigns"]
[WhiteElo "1497"]
[BlackElo "1783"]
[Opening "Alekhine's defense: Scandinavian variation"]
[ECO "B02"]
[NIC "AL.10"]
[Time "19:32:56"]
[TimeControl "180+0"]

1. e4 Nf6 2. Nc3 d5 3. exd5 Nxd5 4. Bc4 c6 5. Qf3 Be6 6. Bb3 Na6 7. Nge2 Nc5
8. O-O Nxb3 9. axb3 g6 10. d4 Bg7 11. Ne4 O-O 12. Nc5 Bc8 13. c4 Nf6 14. Be3
Bg4 {White resigns} 0-1

[Event "ICCopen2016"]
[Site "Internet Chess Club"]
[Date "2016.06.03"]
[Round "4"]
[White "Capitalist"]
[Black "skippykid"]
[Result "0-1"]
[ICCResult "White resigns"]
[WhiteElo "1332"]
[BlackElo "2258"]
[Opening "French defense"]
[ECO "C00"]
[NIC "FR.01"]
[Time "19:34:08"]
[TimeControl "180+0"]

1. e4 e6 2. Bc4 d5 3. exd5 exd5 4. Bb3 Nf6 5. d4 Bd6 6. Ne2 O-O 7. O-O Ng4
8. h3 Qh4 9. Bf4 Nf6 10. Bxd6 cxd6 11. Nf4 Qxf4 {White resigns} 0-1

[Event "ICCopen2016"]
[Site "Internet Chess Club"]
[Date "2016.06.03"]
[Round "4"]
[White "klodshans"]
[Black "DEHO"]
[Result "0-1"]
[ICCResult "White resigns"]
[WhiteElo "1610"]
[BlackElo "2200"]
[Opening "Queen's pawn, Mason variation"]
[ECO "D00"]
[NIC "QP.08"]
[Time "19:32:49"]
[TimeControl "180+0"]

1. d4 d5 2. Bf4 Nf6 3. e3 e6 4. Nf3 Bd6 5. Ne5 c5 6. c3 O-O 7. Nd2 Nc6 8.
Ndf3 Ne4 9. Nxc6 bxc6 10. Bxd6 Qxd6 11. dxc5 Nxc5 12. Be2 a5 13. O-O Ba6 14.
b4 Ne4 15. Bxa6 Rxa6 16. Qa4 Nxc3 17. Qb3 Qxb4 18. Qxb4 axb4 19. Nd4 c5 20.
Nb3 c4 21. Nd4 Rfa8 22. h3 Rxa2 23. Rxa2 Rxa2 {White resigns} 0-1

[Event "ICCopen2016"]
[Site "Internet Chess Club"]
[Date "2016.06.03"]
[Round "4"]
[White "Joshdaruca"]
[Black "Harmonie"]
[Result "1-0"]
[ICCResult "Black resigns"]
[WhiteElo "2697"]
[BlackElo "3114"]
[Opening "French: Rubinstein variation"]
[ECO "C10"]
[NIC "FR.07"]
[Time "19:33:01"]
[TimeControl "180+0"]

1. e4 e6 2. d4 d5 3. Nc3 dxe4 4. Nxe4 Nd7 5. Nf3 Ngf6 6. Nxf6+ Nxf6 7. Bd3
c5 8. Be3 Qc7 9. Ne5 a6 10. c3 Bd6 11. Qa4+ Nd7 12. O-O O-O 13. f4 b5 14.
Qc2 g6 15. Be4 Bb7 16. Nxd7 cxd4 17. Nf6+ Kg7 18. Bxd4 Bc5 19. Ne8+
{Black resigns}
1-0